 Dungeon Crawl Stone Soup version 0.20.1-1-g8b1a95d (webtiles) character file.

30 Folque the Magician (level 3, -5/24 HPs)
             Began as an Octopode Wizard on Nov 15, 2017.
             Was an Initiate of Sif Muna.
             Slain by a scorpion (10 damage)
             ... on level 4 of the Dungeon.
             The game lasted 00:03:51 (1849 turns).

Folque the Magician (Octopode Wizard)               Turns: 1849, Time: 00:03:52

Health: -5/24      AC:  1    Str:  6    XL:     3   Next: 20%
Magic:  0/7        EV: 13    Int: 21    God:    Sif Muna [......]
Gold:   168        SH:  0    Dex: 10    Spells: 0/8 levels left

rFire    . . .     SeeInvis .   l - +0 mace
rCold    . . .     Gourm    .   (no shield)
rNeg     . . .     Faith    .   a - +0 hat
rPois    .         Spirit   .   (no amulet)
rElec    .         Reflect  .   (no ring)
rCorr    .         Harm     .   (no ring)
MR       .....                  (no ring)
Stlth    +++.......             (no ring)
Regen    0.1/turn               (no ring)
MPRegen  0.1/turn               (no ring)
                                (no ring)
                                (no ring)

@: lethally poisoned (-5 -> -17), very slightly contaminated
A: almost no armour, stealthy swim, amphibious, 8 rings, constrict 8, camouflage
1, gelatinous body 1
a: Renounce Religion


You were on level 4 of the Dungeon.
You worshipped Sif Muna.
Sif Muna was noncommittal.
You were very hungry.

You visited 1 branch of the dungeon, and saw 3 of its levels.

You collected 168 gold pieces.

Inventory:

Hand Weapons
 e - a +0 club
 i - a +0 short sword
 l - a +0 mace (weapon)
Armour
 a - a +0 hat (worn)
 n - a +2 large shield
Wands
 q - a wand of lightning (5/15)
Scrolls
 d - 2 scrolls of teleportation {unknown}
 h - a scroll of identify {unknown}
 r - a scroll of fear {unknown}
Potions
 f - 2 potions of heal wounds {unknown}
 g - 2 potions of cancellation {unknown}
 j - a potion of magic {unknown}
 k - 2 potions of mutation {unknown}
Books
 b - a book of Minor Magic

   Spells                             Type                      Level
   a - Magic Dart                     Conjuration                  1
   b - Blink                          Translocation                2
   c - Call Imp                       Summoning                    2
   d - Slow                           Hexes                        2
   e - Conjure Flame                  Conjuration/Fire             3
   f - Mephitic Cloud                 Conjuration/Poison/Air       3
Comestibles
 c - 3 bread rations
 o - a royal jelly
 p - a meat ration


   Skills:
 - Level 2.0 Fighting
 - Level 2.0 Dodging
 - Level 2.6 Stealth
 + Level 3.4 Spellcasting
 + Level 1.0 Conjurations
 - Level 1.0 Summonings
 - Level 1.0 Translocations
 * Level 0.0 Poison Magic


You couldn't memorise any spells.
You knew the following spells:

 Your Spells              Type           Power        Failure   Level  Hunger
a - Magic Dart            Conj           #...         9%          1    None
b - Call Imp              Summ           #.......     13%         2    ##.....
c - Blink                 Tloc           N/A          13%         2    ##.....
d - Mephitic Cloud        Conj/Pois/Air  #.......     32%         3    ###....


Dungeon Overview and Level Annotations

Branches:
Dungeon (2/15)

Altars:
Dithmenos
Kikubaaqudgha
Sif Muna


Innate Abilities, Weirdness & Mutations

You cannot wear most types of armour.
You are very stealthy in the water. (Stealth+)
You are amphibious.
You can wear up to eight rings at the same time.
You can use your tentacles to constrict eight enemies at once.
Your skin changes colour to match your surroundings (Stealth+).
Your rubbery body absorbs attacks. (AC +1, EV +1)


Message History

Confirm with . or Enter, or press ? or * to list all spells.
Aiming: Magic Dart
Press: ? - help, Shift-Dir - straight line, f - scorpion
Aim: a scorpion (almost dead, confused)
The magic dart hits the scorpion.
The scorpion is almost dead.
You feel sick.
You barely miss the scorpion. You grab the scorpion.
The scorpion is almost dead.
You constrict the scorpion, but do no damage.
You feel sick.
The scorpion escapes!
The scorpion seems less confused.
The scorpion misses you.
You hit the scorpion but do no damage. Your grab misses the scorpion.
Your squeeze misses the scorpion.
The scorpion is almost dead.
The scorpion stings you!
* * * LOW HITPOINT WARNING * * *
You are more poisoned.
The scorpion poisons you! The scorpion stings you!
You die...

#.# #.# #.# #.#
#######.#
#....[#.######..
#.....#.........
###.....#.#####...
#....@...........
........s...........
...###.....#.....#..
.. ......#.#[....# .
.<.......#+##...
#.#####.#..# .#.# #
...... ..# #.#..#.


You could see a scorpion.

Vanquished Creatures
  4 leopard geckos
  A bat (D:2)
  5 goblins
  3 hobgoblins
  3 ball pythons
  2 frilled lizards
  3 kobolds
  5 rats (D:2)
26 creatures vanquished.

Notes
Turn   | Place    | Note
-------+----------+-------------------------------------------
     0 | D:1      | Folque the Octopode Wizard began the quest for the Orb.
     0 | D:1      | Reached XP level 1. HP: 11/11 MP: 4/4
   325 | D:1      | Reached skill level 1 in Fighting
   441 | D:1      | Reached XP level 2. HP: 9/18 MP: 6/6
  1426 | D:2      | Found a deep blue altar of Sif Muna.
  1427 | D:2      | Found a shadowy altar of Dithmenos.
  1428 | D:2      | Found an ancient bone altar of Kikubaaqudgha.
  1432 | D:2      | Reached XP level 3. HP: 21/24 MP: 7/7
  1446 | D:2      | Became a worshipper of Sif Muna the Loreminder
  1648 | D:2      | Learned a level 2 spell: Call Imp
  1651 | D:2      | Learned a level 2 spell: Blink
  1655 | D:2      | Learned a level 3 spell: Mephitic Cloud
  1821 | D:2      | You fall through a shaft for 2 floors!
  1825 | D:4      | Noticed a scorpion
  1849 | D:4      | Slain by a scorpion

Skill      XL: |  1  2  3 |
---------------+----------+-----
Fighting       | 1 2 |  2.0
Dodging        | |  2.0
Stealth        | |  2.6
Spellcasting   | |  3.4
Conjurations   | |  1.0
Summonings     | |  1.0
Translocations | |  1.0

Action                   || total
-------------------------++-------
Melee: Short sword       ||    11
       Constrict         ||    21
       Club              ||     5
       Unarmed           ||     5
       Tentacles         ||     5
       Mace              ||    44
 Cast: Mephitic Cloud    ||     2
       Magic Dart        ||     1
 Stab: Sleeping          ||     5
       Confused          ||     2
  Eat: Chunk             ||     2
Armor: Skin              ||     4
Dodge: Dodged            ||    44
